 Dungeon Crawl Stone Soup version 0.19-a0-519-gb6a5606 (webtiles) character file.

53 Aksej the Slasher (level 3, -6/29 HPs)
             Began as a Demonspawn Fighter on June 7, 2016.
             Mangled by Natasha (10 damage)
             ... on level 2 of the Dungeon.
             The game lasted 00:04:04 (2029 turns).

Aksej the Slasher (Demonspawn Fighter)              Turns: 2029, Time: 00:04:04

Health: -6/29      AC:  0    Str: 16      XL:     3   Next: 64%
Magic:  3/3        EV: 17    Int:  8 (9)  God:
Gold:   101        SH:  0    Dex: 18      Spells: 0 memorised, 2 levels left

rFire  . . .     SeeInvis .     (weapon currently unavailable)
rCold  . . .     Gourm    .     (armour currently unavailable)
rNeg   . . .     Faith    .     (shield currently unavailable)
rPois  .         Spirit   .     (helmet currently unavailable)
rElec  .         Dismiss  .     (cloak currently unavailable)
rCorr  .         Reflect  .     (gloves currently unavailable)
SustAt .         Harm     .     (boots currently unavailable)
MR     .....                    f - amulet of regeneration
Stlth  ++........               (ring currently unavailable)
                                (ring currently unavailable)

@: bat-form (expiring), flying, slowed, quick, not resistant to hostile
enchantments, unstealthy
A: (antennae 0)
a: no special abilities


You were on level 2 of the Dungeon.
You were not hungry.
You were in bat-form.
You visited 1 branch of the dungeon, and saw 2 of its levels.

You collected 101 gold pieces.

Inventory:

Hand Weapons
 a - a +0 long sword (melded)
Armour
 h - a +2 robe (melded)
Jewellery
 f - an amulet of regeneration (around neck)
 i - a ring of sustain attributes (melded)
 k - an uncursed ring of protection from magic {unknown}
Scrolls
 d - a scroll of remove curse
Potions
 b - a potion of lignification
 e - 2 potions of mutation {unknown}
 g - a potion of haste {unknown}
Comestibles
 c - 2 bread rations
 j - a chunk of flesh


   Skills:
 - Level 3.0 Fighting
 + Level 3.6 Long Blades
 - Level 2.6 Armour
   Level 2.6 Shields


You had 2 spell levels left.
You didn't know any spells.

Dungeon Overview and Level Annotations

Branches:
Dungeon (2/15)

Altars:
Ashenzari

Annotations:
D:2 Natasha


Innate Abilities, Weirdness & Mutations

((You have a pair of small antennae on your head.))


Message History

The crimson imp shouts, "Begone, thou rough-hewn flap-mouthed crab-lanthorn!"
The crimson imp completely misses you. Natasha misses you.
You barely miss Natasha.
Natasha is moderately wounded.
The crimson imp blinks!
You closely miss Natasha.
Natasha is moderately wounded.
Your transformation is almost over.
Natasha claws you!
You hit Natasha but do no damage.
Natasha is moderately wounded.
Natasha barely misses you. The worm misses you.
You hit Natasha but do no damage.
Natasha is moderately wounded.
Natasha claws you.
* * * LOW HITPOINT WARNING * * *
You hit Natasha but do no damage.
Natasha is lightly wounded.
Natasha claws you!
You die...

#.######.# . .# ## #.# .
#.##.#.!.^
#..[#.....####
.............#
#.#........#.#
#h#..........#
#b#.#........###
###(##w#.##.........
.w......5..........# #.
#########.##.####..####.
#................
#.#....####.#####
...#......# #.# #..
#........### #.# #.#
#...###### #.# #.#


You could see a worm, Natasha and a crimson imp.

Vanquished Creatures
  2 oozes (D:1)
  A worm (D:2)
  A dart slug (D:1)
  A giant gecko (D:2)
  A giant cockroach (D:1)
  9 goblins
  7 hobgoblins
  2 jackals (D:1)
  2 bats (D:1)
  A giant newt (D:1)
  7 kobolds
  A rat (D:1)
35 creatures vanquished.

Notes
Turn   | Place    | Note
--------------------------------------------------------------
     0 | D:1      | Aksej the Demonspawn Fighter began the quest for the Orb.
     0 | D:1      | Reached XP level 1. HP: 18/18 MP: 1/1
    76 | D:1      | Gained mutation: You have a pair of small antennae on your head. [demonic ancestry]
    76 | D:1      | Reached XP level 2. HP: 19/24 MP: 2/2
   184 | D:1      | Found a shattered altar of Ashenzari.
   236 | D:1      | HP: 1/24 [dart slug/slug dart (3)]
   721 | D:1      | Reached XP level 3. HP: 8/29 MP: 3/3
  2004 | D:2      | Noticed Natasha
  2029 | D:2      | Mangled by Natasha

Vault maps used:
D:1:      ncdulo_smallfort, serial_glass, glass_columns_b, glass_columns_c,
          nicolae_ashenzari_panopticon
D:2:      first_bread, uniq_natasha

Skill      XL: |  1  2 |
---------------+-------+-----
Long Blades    | 2 3 |  3.6
Fighting       | |  3.0
Armour         | |  2.6
Shields        | |  2.6

Action                   || total
-------------------------++-------
Melee: Long sword        ||   105
       Unarmed           ||    22
  Use: Scroll            ||    10
       Potion            ||     5
  Eat: Bread ration      ||     1
Armor: Scale mail        ||    10
       Robe              ||    20
       Skin              ||     7
Dodge: Dodged            ||    55
